 Dungeon Crawl Stone Soup version 0.28-a0-728-g0181a31188 (webtiles) character file.

Game seed: 4243934358586151156

74148 technautist the Executioner (level 15, -2/126 HPs)
             Began as a Minotaur Fighter on Oct 28, 2021.
             Was the Champion of Hepliaklqana.
             Engulfed by a cloud of freezing vapour (10 damage)
             ... in an ice cave.
             The game lasted 01:21:03 (18267 turns).

technautist the Executioner (Minotaur Fighter)     Turns: 18267, Time: 01:21:04

Health: -2/126     AC: 36    Str: 33    XL:     15   Next: 6%
Magic:  16/16      EV: 17    Int:  5    God:    Hepliaklqana [******]
Gold:   2405       SH: 11    Dex: 11    Spells: 14/14 levels left

rFire   . . .      SeeInvis .   E - +2 broad axe (flame)
rCold   . . .      Faith    .   R - +0 kite shield
rNeg    . . .      Spirit   .   r - +7 plate armour
rPois   .          Reflect  .   s - +3 hat of Jeczuwk {+Inv Str+4}
rElec   .          Harm     .   g - +2 cloak {rCorr}
rCorr   +          Rampage  .   P - +2 pair of gloves {Str+3}
Will    +....                   z - +1 pair of boots
Stlth   ..........              m - amulet of regeneration
HPRegen 1.31/turn               G - ring of the Hare {EV+8}
MPRegen 0.15/turn               i - ring of flight

@: flying
A: reduced essence, horns 2, retaliatory headbutt
a: Renounce Religion, Evoke Invisibility, Recall Ancestor, Ancestor Identity,
Transference, Idealise


You were in an ice cave.
You worshipped Hepliaklqana.
Hepliaklqana was exalted by your worship.
You visited 3 branches of the dungeon, and saw 21 of its levels.
You also visited: Ice Cave.

You collected 2587 gold pieces.
You spent 182 gold pieces at shops.

Inventory:

Hand Weapons
 a - a +0 demon trident of venom
 C - the +9 dagger of Paper {freeze, rC+++ rN+ rCorr Dex-3}
   (You found it on level 6 of the Dungeon)

   It freezes those it strikes, dealing additional cold damage.
   It can also slow down cold-blooded creatures.
   Dex:       It affects your dexterity (-3).
   rC:        It renders you almost immune to cold.
   rN:        It protects you from negative energy.
   rCorr:     It protects you from acid and corrosion.
 E - a +2 broad axe of flaming (weapon)
Armour
 g - a +2 cloak of preservation (worn)
 r - a +7 plate armour (worn)
 s - the +3 hat of Jeczuwk (worn) {+Inv Str+4}
   (You acquired it on level 7 of the Dungeon)

   Str:       It affects your strength (+4).
   +Inv:      It lets you turn invisible.
 u - the +6 plate armour of Gestures {rC+ rCorr}
   (You found it on level 6 of the Lair of Beasts)

   rC:        It protects you from cold.
   rCorr:     It protects you from acid and corrosion.
 z - a +1 pair of boots (worn)
 A - a +0 tower shield
 P - a +2 pair of gloves of strength (worn)
 R - a +0 kite shield (worn)
Jewellery
 i - a ring of flight (right hand)
 m - an amulet of regeneration (around neck)
 w - a +4 ring of evasion
 D - a ring of willpower
 G - the ring of the Hare (left hand) {EV+8}
   (You found it on level 12 of the Dungeon)

   [ring of evasion]

   EV:        It affects your evasion (+8).
 J - the ring "Ynucs" {rPois Str+6 Int+2 Dex+3 Stlth+}
   (You acquired it on level 2 of the Lair of Beasts)

   [ring of strength]

   Str:       It affects your strength (+6).
   Int:       It affects your intelligence (+2).
   Dex:       It affects your dexterity (+3).
   rPois:     It protects you from poison.
   Stlth:     It makes you more stealthy.
Wands
 b - a wand of iceblast (14)
 x - a wand of mindburst (9)
 y - a wand of paralysis (5) (quivered)
 H - a wand of flame (48)
Scrolls
 e - 4 scrolls of immolation
 o - 4 scrolls of blinking
 p - 12 scrolls of teleportation
 q - a scroll of identify
 F - a scroll of torment
 K - 2 scrolls of fog
 M - 2 scrolls of magic mapping
 O - a scroll of summoning
Potions
 d - 3 potions of might
 f - 2 potions of flight
 h - a potion of haste
 j - a potion of invisibility
 k - 2 potions of lignification
 l - a potion of resistance
 n - 7 potions of heal wounds
 t - a potion of cancellation
 v - 4 potions of berserk rage
 B - 5 potions of curing
 L - a potion of mutation
 Q - a potion of ambrosia
Miscellaneous
 I - a piece from Xom's chessboard (15/15)
 N - a box of beasts


   Skills:
 + Level 15.3 Fighting
 + Level 21.6 Axes
 + Level 13.8 Armour
 + Level 2.5 Dodging
 + Level 12.0 Shields
 + Level 3.0 Invocations


You had 14 spell levels left.
You didn't know any spells.
Your spell library contained the following spells:

 Spells                   Type           Power      Damage    Failure   Level
 Beastly Appendage        Tmut           0%         N/A       98%         1
 Summon Small Mammal      Summ           0%         N/A       98%         1
 Corpse Rot               Necr/Air       0%         N/A       99%         2
 Poisonous Vapours        Pois/Air       0%         N/A       99%         2
 Slow                     Hex            0%         N/A       99%         2
 Static Discharge         Conj/Air       0%         N/A       99%         2
 Wereblood                Tmut           0%         N/A       99%         2
 Call Canine Familiar     Summ           0%         N/A       100%        3
 Confusing Touch          Hex            0%         N/A       100%        3
 Conjure Flame            Conj/Fire      0%         6-21      100%        3
 Dazzling Flash           Conj/Hex       0%         N/A       100%        3
 Gell's Gravitas          Tloc           0%         N/A       100%        3
 Lesser Beckoning         Tloc           0%         N/A       100%        3
 Portal Projectile        Hex/Tloc       0%         N/A       100%        3
 Spider Form              Tmut/Pois      0%         N/A       100%        3
 Summon Guardian Golem    Hex/Summ       0%         N/A       100%        3
 Teleport Other           Tloc           0%         N/A       100%        3
 Vampiric Draining        Necr           0%         2d6       100%        3
 Dispel Undead            Necr           0%         3d6       100%        4
 Fulminant Prism          Conj/Hex       0%         3d6       100%        4
 Iskenderun's Mystic Bla  Conj/Tloc      0%         2d3       100%        4
 Petrify                  Tmut/Erth      0%         N/A       100%        4
 Sticky Flame             Conj/Fire      0%         2d3       100%        4
 Blade Hands              Tmut           0%         N/A       100%        5
 Excruciating Wounds      Necr           0%         N/A       100%        5
 Lee's Rapid Deconstruct  Erth           0%         3d5*      100%        5
 Metabolic Englaciation   Hex/Ice        0%         N/A       100%        5
 Statue Form              Tmut/Erth      0%         N/A       100%        6
 Orb of Destruction       Conj           0%         N/A       100%        7
 Spellforged Servitor     Conj/Summ      0%         N/A       100%        7


Dungeon Overview and Level Annotations

Branches:
Dungeon (13/15)            Temple (0/1) D:5            Lair (6/6) D:11
 Shoals (0/4) Lair:2       Spider (0/4) Lair:2        Slime (0/5) Lair:5
    Orc (2/2) D:12            Elf (0/3) Orc:2         IceCv (1/1)
 Vaults: D:13-14

Altars:
Dithmenos
Elyvilon
Fedhas
Hepliaklqana
Makhleb
Nemelex Xobeh
Vehumet
Xom
Yredelemnul
The Shining One
Beogh

Shops:
D:9 *   D:10 :   Orc:2 :=[::


Innate Abilities, Weirdness & Mutations

Your life essence is reduced to manifest your ancestor. (-10% HP)
You have a pair of horns on your head.
You reflexively headbutt those who attack you in melee.


Message History

The entropy weaver simulacrum hits you but does no damage.
The entropy weaver simulacrum hits you.
The entropy weaver simulacrum freezes you!!
The entropy weaver simulacrum misses you.
The entropy weaver simulacrum barely misses you.
You slash the ice devil! You burn the ice devil. You headbutt the ice devil!
The ice devil is severely wounded.
You hit the entropy weaver simulacrum but do no damage.
You are engulfed in freezing vapours.
You block the ice devil's attack.
You slice the ice devil!! You burn the ice devil.
You kill the ice devil!
You closely miss the entropy weaver simulacrum.
You are engulfed in freezing vapours.
The entropy weaver simulacrum hits you but does no damage.
The entropy weaver simulacrum misses you.
The entropy weaver simulacrum hits you but does no damage.
You block the entropy weaver simulacrum's attack.
You are engulfed in freezing vapours.
You slash the entropy weaver simulacrum!
You melt the entropy weaver simulacrum.
The entropy weaver simulacrum is almost destroyed.
You slash the ice devil! You burn the ice devil.
You are engulfed in freezing vapours.
* * * LOW HITPOINT WARNING * * *
The ice devil hits you.
* * * LOW HITPOINT WARNING * * *
The ice devil freezes you!
* * * LOW HITPOINT WARNING * * *
The entropy weaver simulacrum hits you but does no damage.
You block the entropy weaver simulacrum's attack.
The entropy weaver simulacrum barely misses you.
The entropy weaver simulacrum hits you but does no damage.
You hit the entropy weaver simulacrum.
You melt the entropy weaver simulacrum.
The entropy weaver simulacrum vaporises!
You hit the ice devil. You burn the ice devil.
You are engulfed in freezing vapours.
* * * LOW HITPOINT WARNING * * *
You are engulfed in freezing vapours.
You are engulfed in freezing vapours.
You die...

#..........###.#...........)#
##..........#.........##..[##
#...............##.#########
#............###≈≈≈#
#..........####≈≈≈######.
#.#....#.### ###........
####°.#### ###.........
##..§# ###§☼°.##.....
##..#§§.○○#§§@○4## .####
#..##☼§☼#..☼#§#°○......
#...######.§☼§###..#...
##...## #§§#§. #○.... ##...#
##.... .°#.# ##...# # ...# §#
. #...## ##### # ##...##
##.....##


You could see an ice devil.

Vanquished Creatures
  Azrael (Orc:2)
  4 hydras
  2 catoblepae (Lair:6)
  2 boulder beetles
  Erolcha (D:11)
  An alligator (Lair:6)
  11 death yaks
  A deep troll shaman (Lair:6)
  Urug (Lair:6)
  3 orc high priests (Orc:2)
  5 skeletal warriors (D:11)
  A flayed ghost (D:12)
  3 ugly things
  4 orc knights (Orc:2)
  4 oklob plants
  4 orc sorcerers
  A cyclops (D:11)
  13 elephants
  Maurice (D:8)
  2 ice statues (IceCv)
  6 black mambas
  15 cane toads
  3 rime drakes
  4 ice devils (IceCv)
  An entropy weaver simulacrum (IceCv)
  5 komodo dragons
  3 trolls
  4 polar bears
  A hornet (D:7)
  10 blink frogs
  Sigmund (D:4)
  34 yaks
  4 wyverns
  A shadow (D:12)
  4 wraiths (D:12)
  A dire elephant simulacrum (IceCv)
  11 fire bats (D:12)
  A fire elemental (Orc:2)
  5 basilisks
  3 wargs
  3 vampire mosquitoes (D:12)
  A harpy simulacrum (IceCv)
  4 hell hounds (Orc:2)
  An acid dragon (D:7)
  19 water moccasins
  18 orc warriors
  A hornet zombie (D:7)
  An ice beast (D:5)
  2 necrophages
  9 ogres
  3 black bears
  16 centaurs
  17 wolves
  A phantom (D:6)
  2 kobold brigands
  18 bullfrogs
  2 gnoll sergeants (D:7)
  A wyvern zombie (D:6)
  2 two-headed ogre simulacra (IceCv)
  3 scorpions
  12 killer bees
  4 howler monkeys
  A centaur zombie (D:9)
  A lava snake (D:7)
  2 hounds (D:5)
  16 jellies
  2 bullfrog skeletons
  9 orc priests
  A gnoll shaman (D:7)
  7 iguanas
  12 orc wizards
  A troll simulacrum (IceCv)
  2 polar bear simulacra (IceCv)
  A wolf simulacrum (IceCv)
  A mummy (D:7)
  13 gnolls
  3 howler monkey zombies
  A naga simulacrum (IceCv)
  11 adders
  2 shadow imps
  2 white imps
  4 ufetubi
  An adder zombie (D:5)
  2 adder skeletons
  3 worms
  2 dart slugs (D:4)
  55 orcs
  7 endoplasms
  4 giant cockroaches
  7 goblins
  9 hobgoblins
  12 jackals
  17 kobolds
  5 quokkas
  13 ball pythons
  53 bats
  2 frilled lizards (D:1)
  2 rats (D:3)
  A plant (Lair:3)
609 creatures vanquished.

Vanquished Creatures (collateral kills)
  Jorgrun (Orc:2)
  2 death yaks
  2 orc knights
  A cyclops (Orc:2)
  A centaur zombie (D:10)
  An elephant (Lair:6)
  2 cane toads (Lair:3)
  2 unseen horrors
  A troll (Orc:2)
  5 blink frogs
  A hornet (D:11)
  A wraith (D:10)
  5 yaks
  A fire bat (D:12)
  An acid dragon (D:8)
  2 wolves (Lair:6)
  A bullfrog (Lair:4)
  A killer bee (D:7)
  2 orc priests
  3 orc wizards
  A shadow imp (D:7)
  An ufetubus (IceCv)
  3 orcs
  7 bats (D:12)
  2 kobolds (D:9)
50 creatures vanquished.

Vanquished Creatures (others)
  An ice devil (IceCv)
  2 orc priests (Orc:2)
  5 hexers
  2 ancestors (D:7)
  21 fungi
  40 plants
  4 withered plants (D:7)
75 creatures vanquished.

Grand Total: 734 creatures vanquished

Notes
Turn   | Place    | Note
-------+----------+-------------------------------------------
     0 | D:1      | technautist the Minotaur Fighter began the quest for the
                  | Orb.
     0 | D:1      | Reached XP level 1. HP: 19/19 MP: 0/0
   421 | D:1      | Reached skill level 3 in Axes
   421 | D:1      | Reached XP level 2. HP: 27/27 MP: 1/1
   722 | D:1      | Reached XP level 3. HP: 34/34 MP: 2/2
  1019 | D:1      | Identified a scroll of acquirement
  1019 | D:1      | Acquired a +1 cloak of preservation
  1348 | D:2      | Reached skill level 4 in Axes
  1780 | D:2      | Reached skill level 5 in Fighting
  1780 | D:2      | Reached XP level 4. HP: 42/42 MP: 3/3
  1901 | D:2      | You fall into a shaft and drop 1 floor!
  2317 | D:3      | Found a faded altar of an unknown god.
  2364 | D:3      | Acquired 761 gold pieces
  2515 | D:4      | Noticed a necrophage
  2524 | D:4      | Killed a necrophage
  2525 | D:4      | Reached skill level 5 in Axes
  2525 | D:4      | Reached XP level 5. HP: 48/50 MP: 4/4
  2714 | D:4      | Noticed a water moccasin
  2714 | D:4      | Noticed a black bear
  2716 | D:4      | Killed a black bear
  2717 | D:4      | Reached XP level 6. HP: 58/58 MP: 5/5
  2718 | D:4      | Killed a water moccasin
  2719 | D:4      | Reached skill level 6 in Axes
  2822 | D:4      | Found a blossoming altar of Fedhas.
  2997 | D:4      | Noticed Sigmund
  3017 | D:4      | Killed Sigmund
  3018 | D:4      | Reached skill level 7 in Axes
  3018 | D:4      | Reached XP level 7. HP: 52/67 MP: 6/6
  3035 | D:4      | Found a hazy altar of Hepliaklqana.
  3040 | D:4      | Found a faded altar of an unknown god.
  3361 | D:4      | Became a worshipper of Hepliaklqana the Forgotten
  3560 | D:5      | Entered Level 5 of the Dungeon
  3613 | D:5      | Reached skill level 8 in Axes
  3619 | D:5      | Reached XP level 8. HP: 57/77 MP: 7/7
  3709 | D:5      | Found a shadowy altar of Dithmenos.
  3790 | D:5      | Found a shimmering altar of Xom.
  3854 | D:5      | Found a staircase to the Ecumenical Temple.
  3906 | D:5      | Reached skill level 9 in Axes
  4389 | D:6      | Reached skill level 10 in Fighting
  4389 | D:6      | Reached skill level 10 in Axes
  4486 | D:6      | Reached XP level 9. HP: 85/85 MP: 8/8
  4499 | D:6      | Reached * piety under Hepliaklqana
  4534 | D:6      | Identified the +9 dagger of Paper {freeze, rC+++ rN+ rCorr
                  | Dex-3}
  4572 | D:6      | Reached skill level 5 in Armour
  4572 | D:6      | Reached skill level 5 in Shields
  5388 | D:7      | Reached XP level 10. HP: 71/83 MP: 9/9
  5602 | D:7      | Reached ** piety under Hepliaklqana
  5688 | D:7      | Remembered your ancestor FDRCH as a hexer
  5706 | D:7      | Acquired the +3 hat of Jeczuwk {+Inv Str+4}
  5780 | D:8      | Found a sparkling altar of Nemelex Xobeh.
  5832 | D:8      | Noticed Maurice
  5849 | D:8      | Killed Maurice
  5993 | D:8      | Found a white marble altar of Elyvilon.
  6758 | D:9      | Found Onyit's Assorted Antiques.
  6858 | D:9      | Bought a scroll labelled KOK XASHROISK for 19 gold pieces
  6858 | D:9      | Bought a scroll labelled WAATUEMUITT for 19 gold pieces
  7019 | D:9      | Reached *** piety under Hepliaklqana
  7036 | D:9      | Reached skill level 10 in Armour
  7036 | D:9      | Reached skill level 10 in Shields
  7038 | D:9      | Reached skill level 1 in Invocations
  7642 | D:10     | Entered Level 10 of the Dungeon
  7745 | D:10     | Reached skill level 11 in Axes
  7898 | D:10     | Found Gygatis's Self-Improvement Boutique.
  8130 | D:10     | Reached **** piety under Hepliaklqana
  8287 | D:11     | Noticed a death yak
  8288 | D:11     | Found a staircase to the Lair.
  8291 | D:11     | Noticed a death yak
  8291 | D:11     | Noticed a death yak
  8296 | D:11     | Killed a death yak
  8300 | D:11     | Reached skill level 12 in Axes
  8306 | D:11     | Reached XP level 11. HP: 85/89 MP: 12/12
  8306 | D:11     | Killed a death yak
  8311 | D:11     | Killed a death yak
  8312 | D:11     | Reached skill level 13 in Axes
  8481 | D:11     | Found a radiant altar of Vehumet.
  8684 | D:11     | Noticed a skeletal warrior
  8687 | D:11     | Noticed a skeletal warrior
  8736 | D:11     | Killed a skeletal warrior
  8737 | D:11     | Reached skill level 14 in Axes
  8737 | D:11     | Killed a skeletal warrior
  8784 | D:11     | Noticed a skeletal warrior
  8785 | D:11     | Noticed a skeletal warrior
  8788 | D:11     | Noticed a skeletal warrior
  8801 | D:11     | Killed a skeletal warrior
  8837 | D:11     | Killed a skeletal warrior
  8838 | D:11     | Reached skill level 15 in Axes
  8852 | D:11     | Killed a skeletal warrior
  9242 | D:11     | Noticed Erolcha
  9250 | D:11     | Killed Erolcha
  9503 | D:12     | Noticed a brown ugly thing
  9515 | D:12     | Killed a brown ugly thing
  9516 | D:12     | Reached skill level 16 in Axes
  9561 | D:12     | Found a basalt altar of Yredelemnul.
  9572 | D:12     | Found a runed translucent door.
  9577 | D:12     | Found a basalt altar of Yredelemnul.
  9588 | D:12     | Found a radiant altar of Vehumet.
  9588 | D:12     | Noticed a boulder beetle
  9605 | D:12     | Killed a boulder beetle
  9632 | D:12     | Found a glowing golden altar of the Shining One.
  9654 | D:12     | Reached XP level 12. HP: 95/95 MP: 13/13
  9849 | D:12     | Found a staircase to the Orcish Mines.
  9865 | D:12     | Reached skill level 17 in Axes
  9970 | D:12     | Found the ring of the Hare {EV+8}
  9990 | D:12     | Reached ***** piety under Hepliaklqana
 10374 | D:12     | Found a shadowy altar of Dithmenos.
 10452 | D:12     | Found a burning altar of Makhleb.
 10504 | D:12     | Reached skill level 18 in Axes
 10761 | Lair:1   | Entered Level 1 of the Lair of Beasts
 11317 | Lair:1   | Found a blossoming altar of Fedhas.
 11593 | Lair:2   | You fall into a shaft and drop 1 floor!
 11935 | Lair:2   | Acquired the ring "Ynucs" {rPois Str+6 Int+2 Dex+3 Stlth+}
 11992 | Lair:2   | Reached skill level 19 in Axes
 11994 | Lair:2   | Got Momurph's Disquisition on the Unstable Entourage
 12070 | Lair:2   | Reached skill level 1 in Dodging
 12083 | Lair:2   | Noticed a seven-headed hydra
 12096 | Lair:2   | Killed a four-headed hydra
 12136 | Lair:2   | Noticed a death yak
 12243 | Lair:2   | Reached XP level 13. HP: 90/104 MP: 14/14
 12463 | Lair:2   | Reached ****** piety under Hepliaklqana
 12464 | Lair:2   | Found a hole to the Spider Nest.
 12760 | Lair:2   | Got An Early Guide to Hermeneutics
 12810 | Lair:2   | Found a staircase to the Shoals.
 13670 | Lair:4   | Identified the +1 quarterstaff of Fate {pain, *Rage rC+
                  | Str+4}
 14874 | Lair:5   | Found a staircase to the Slime Pits.
 15307 | Lair:5   | Acquired a +2 pair of gloves of strength
 15326 | Lair:6   | Entered Level 6 of the Lair of Beasts
 15478 | Lair:6   | Reached skill level 20 in Axes
 15586 | Lair:6   | Reached XP level 14. HP: 116/116 MP: 15/15
 15612 | Lair:6   | Noticed Urug
 15622 | Lair:6   | Killed Urug
 15901 | Lair:6   | Identified the +6 plate armour of Gestures {rC+ rCorr}
 15929 | Lair:6   | Reached skill level 21 in Axes
 16520 | Orc:1    | Entered Level 1 of the Orcish Mines
 16742 | Orc:2    | Entered Level 2 of the Orcish Mines
 16743 | Orc:2    | Found a staircase to the Elven Halls.
 16862 | Orc:2    | Found Jerrut's Book Emporium.
 16929 | Orc:2    | Noticed Azrael
 16940 | Orc:2    | Killed Azrael
 17004 | Orc:2    | Noticed Jorgrun
 17020 | Orc:2    | Killed Jorgrun
 17299 | Orc:2    | Reached skill level 15 in Fighting
 17421 | Orc:2    | Found Bor Guffo's Book Shop.
 17421 | Orc:2    | Found Rynwoka's Book Emporium.
 17423 | Orc:2    | Found Daatuwod's Armour Shop.
 17423 | Orc:2    | Found Upeesic's Jewellery Emporium.
 17434 | Orc:2    | Bought a +0 tower shield for 72 gold pieces
 17446 | Orc:2    | Bought a +0 kite shield for 72 gold pieces
 18021 | D:13     | Found a frozen archway.
 18030 | IceCv    | Entered an ice cave
 18059 | IceCv    | Reached XP level 15. HP: 78/126 MP: 16/16
 18265 | IceCv    | HP: 6/126 [something (9)]
 18267 | IceCv    | Engulfed by a cloud of freezing vapour

Illustrated notes

Levels and vault maps discovered:
D:1:      elethiomel_arrival_maze, layout_loops_ring, minmay_tripent
D:2:      layout_basic
D:3:      layout_rooms, basic_ecumenical_altar, nrook_mini_backslash
D:4:      cheibrodos_barr_body, layout_loops_cross,
          beargit_hepliaklqana_dungeon_heroes, kennysheep_little_box
D:5:      layout_basic, nicolae_overflow_hidden_temple, dk_xom_monty_hall,
          minmay_temple_entry_antechambers
D:6:      layout_loops_ring
D:7:      layout_rooms, serial_undead, serial_undead_b, serial_undead_c,
          serial_undead_c, serial_undead_a, kennysheep_cluttered_room,
          st_stairs_11, kennysheep_cross_bottleneck
D:8:      layout_loops_ring, old_standard_altar, elyvilon_altar_5, uniq_maurice
D:9:      layout_grid_maze, grunt_ministairs_11, nicolae_inconvenience_store,
          fungi_pond_lemuel
D:10:     layout_loops_cross, nicolae_shop_self_help
D:11:     layout_layer_cave, dpeg_lair_monsters, vehumet_crystals, uniq_erolcha
D:12:     due_megacathedral, layout_basic, david_orc_5
D:13:     layout_basic, portal_ice_cave_entry_pillars_1, nrook_campfire,
          uniq_nessos
Lair:1:   layout_loops_ring, hangedman_tree_tricks, grunt_megastairs_3,
          infiniplex_staircase_pool_2, serial_bayou_shore_b
Lair:2:   layout_regular_city, minmay_shoals_entry_centaurs,
          spider_nest_entry_web_field, minmay_lair_oklob_items, nzn_random_ring
Lair:3:   layout_chaotic_city, st_stairs_7, cheibrodos_lair_lostbears,
          serial_bayou_shore_b, grunt_megastairs_4
Lair:4:   layout_cave_pods, grunt_megastairs_1
Lair:5:   layout_cave_pods, minmay_slime_entry_jelly_boxes
Lair:6:   grunt_lair_end_beastmaster, layout_gridlike, uniq_urug
Orc:1:    layout_caves, serial_shops, shop, basic_altar
Orc:2:    grunt_orc_tribal_feast, layout_caves, serial_shops,
          nicolae_shop_stone, uniq_jorgrun, uniq_azrael
IceCv:    ice_cave_small_demon

Skill      XL: |  1  2  3  4  5  6  7  8  9 10 11 12 13 14 15 |
---------------+----------------------------------------------+-----
Fighting       | 4 5 6 7 8 10 11 13 15 | 15.3
Axes           | 3 4 5 7 8 10 12 16 19 20 21 | 21.6
Armour         | 4 8 10 12 13 | 13.8
Shields        | 4 8 10 11 12 | 12.0
Invocations    | 3 |  3.0
Dodging        | 1 2 |  2.5

Action                   |  1- 3 |  4- 6 |  7- 9 | 10-12 | 13-15 || total
-------------------------+-------+-------+-------+-------+-------++-------
Melee: War axe           |   107 |    99 |   213 |    73 |       ||   492
       Headbutt          |     9 |    20 |    56 |   133 |   168 ||   386
       Broad axe         |       |       |       |   451 |   496 ||   947
Invok: Ancestor Life: He |       |       |       |     1 |       ||     1
       Ancestor Identity |       |       |       |     1 |       ||     1
       Recall Ancestor   |       |       |       |     1 |       ||     1
  Use: Scroll            |     4 |     9 |     7 |    12 |     7 ||    39
       Potion            |       |       |       |       |     2 ||     2
 Stab: Distracted        |       |       |     1 |     6 |     8 ||    15
       Confused          |       |       |       |     1 |     9 ||    10
Armor: Scale mail        |    48 |    12 |       |       |       ||    60
       Plate armour      |       |    34 |   121 |   261 |   181 ||   597
Dodge: Dodged            |    39 |    30 |   116 |   250 |   268 ||   703
Block: Buckler           |    29 |    19 |    43 |   125 |    99 ||   315
       Kite shield       |       |       |       |       |    33 ||    33

Table legend: (Time is in decaauts)
 A = Elapsed time spent in this place.
 B = Non-inter-level travel time spent in this place.
 C = Inter-level travel time spent in this place.
 D = Time resting spent in this place.
 E = Time spent auto-exploring this place.
 F = Levels seen in this place.
 G = Mean time per level.
                   A        B        C        D        E       F      G
               +--------+--------+--------+--------+--------+-----+--------+
         Total |  18134 |  17211 |    923 |    181 |  12286 |  22 |  824.3 |
       Dungeon |  11002 |  10277 |    725 |     66 |   7824 |  13 |  846.3 |
          Lair |   5575 |   5400 |    175 |     20 |   3794 |   6 |  929.2 |
  Orcish Mines |   1333 |   1310 |     23 |     27 |    668 |   2 |  666.5 |
      Ice Cave |    222 |    222 |      0 |     68 |      0 |   1 |  222.0 |
               +--------+--------+--------+--------+--------+-----+--------+

Top non-repeatable levels by time:
    D:11: 1282 daAuts
    D:12: 1247 daAuts
     D:9: 1193 daAuts
   Orc:2: 1101 daAuts
     D:1: 1096 daAuts
  Lair:2: 1083 daAuts
  Lair:6: 986 daAuts
     D:4: 946 daAuts
  Lair:3: 944 daAuts
  Lair:4: 932 daAuts
     D:2: 901 daAuts
  Lair:1: 835 daAuts
     D:5: 827 daAuts
  Lair:5: 792 daAuts
     D:8: 735 daAuts
